[Event "*** SCC Grand Prix: Titled Tuesday Blitz"]
[Site "Chess.com"]
[Date "2020.09.29"]
[Round "4"]
[White "FairChess_on_YouTube"]
[Black "Alexsur1981"]
[Result "0-1"]
[WhiteElo "2930"]
[BlackElo "2763"]
[TimeControl "180+1"]
[EndTime "10:39:30 PDT"]
[Termination "Alexsur1981 won on time"]

1. d4 d6 2. e4 Nf6 3. Nc3 e5 4. Nf3 Nbd7 5. g4 Nxg4 6. Rg1 Ngf6 7. Bc4 exd4 8. Qxd4 Nb6 9. e5 Nxc4 10. exf6 Qxf6 11.
Qxc4 Qxf3 12. Nb5 Be6 13. Nxc7+ Kd7 14. Nxe6 fxe6 15. Be3 a6 16. Rd1 g6 17. Rg4 Rc8 18.
Qa4+ Qc6 19. Qd4 e5 20. Qb4 Be7 21. Qb3 b5 22. a4 Qxc2 23. Qd5 Qc6 24. axb5 Qxd5 25.
Rxd5 axb5 26. Rxb5 Rb8 27. Rgb4 Rxb5 28. Rxb5 h5 29. Ke2 g5 30. b4 g4 31. Rb7+ Ke6 32. b5 Ra8 33. Ra7 Rxa7 34. Bxa7 Kd7 35. f3 d5 36. Bb8 Bd6 37. Ba7 gxf3+ 38. Kxf3 e4+ 39. Kg2 Be5 40. Bc5 d4 41. h3 d3 42. Kf2 Bf4 43. b6 Kc6 44. Bd4 Bh6 45. Ke1 Bg5 46. Kf2 Bf4 47. Ke1 e3 48. Kf1 e2+ 49. Kf2 Bg3+ 0-1

[Event "*** SCC Grand Prix: Titled Tuesday Blitz"]
[Site "Chess.com"]
[Date "2020.09.29"]
[Round "4"]
[White "Sankalp_Gupta2003"]
[Black "SabKaD4ddy"]
[Result "0-1"]
[WhiteElo "2753"]
[BlackElo "2539"]
[TimeControl "180+1"]
[EndTime "10:39:30 PDT"]
[Termination "SabKaD4ddy won by resignation"]

1. e4 c5 2. Nc3 Nc6 3. Bb5 Nd4 4. Nf3 g6 5. Nxd4 cxd4 6. Ne2 Bg7 7. O-O Nf6 8. d3 O-O 9. Bc4 d5 10. exd5 Nxd5 11.
Nf4 Nb6 12. Bb3 e5 13. Ne2 Kh8 14. f4 exf4 15. Bxf4 f5 16. Qd2 Bd7 17. Bh6 Bxh6 18. Qxh6 Qf6 19. Qf4 Rae8 20. Rae1 a5 21. a3 Ba4 22.
Bxa4 Nxa4 23. b3 Nc3 24. Nxd4 g5 25. Qf2 f4 26. Nf3 Nd5 27. Rxe8 Rxe8 28. Qc5 Ne3 29. Re1 g4 30. Qd4 Kg7 31. Qxf6+ Kxf6 32. Nd2 b5 33. g3 Rd8 34. gxf4 Nxc2 35. Rc1 Nd4 36.
Kf2 Kf5 37. Rc5+ Kxf4 38. Ne4 Nxb3 39. Rxb5 Rxd3 40. Ng3 Rd2+ 41. Ke1 Rb2 42. Rf5+ Ke3 43. Re5+ Kd3 44. Kf1 Nd2+ 45. Kg2 Nf3+ 46. Re2 Rxe2+ 47.
Nxe2 Kxe2 48. Kg3 Nxh2 49. Kxh2 Kf2 0-1

[Event "*** SCC Grand Prix: Titled Tuesday Blitz"]
[Site "Chess.com"]
[Date "2020.09.29"]
[Round "4"]
[White "elohunter1999"]
[Black "Lagmantr"]
[Result "1-0"]
[WhiteElo "2473"]
[BlackElo "2640"]
[TimeControl "180+1"]
[EndTime "10:39:30 PDT"]
[Termination "elohunter1999 won by checkmate"]

1. e4 c6 2. Nc3 d5 3. Nf3 dxe4 4.
Nxe4 Nf6 5. Qe2 Nxe4 6. Qxe4 Qd5 7. Qh4 Qe6+ 8. Be2 Qg6 9. O-O Qxc2 10. Bc4 Qf5 11. Re1 e6 12. Qg3 Nd7 13. d4 Nb6 14.
Bb3 Qg6 15. Qc7 Be7 16. Ne5 Qf6 17. Ng4 Qxd4 18. Qg3 h5 19. Ne5 Bf6 20. Bg5 h4 21. Qf3 Nd5 22. Rad1 Qb6 23. Bxd5 cxd5 24. Bxf6 gxf6 25.
Qxf6 Rf8 26. Rxd5 Qc7 27. h3 Qe7 28. Qxe7+ Kxe7 29. Rd4 Rh8 30. Red1 f6 31. Ng6+ Kf7 32. Nxh8+ Kg7 33. Rd8 e5 34. f4 exf4 35. Kf2 b6 36. Kf3 Bb7+ 37. Kxf4 Rxd8 38. Rxd8 Bxg2 39. Kg4 Be4 40.
Kxh4 Bb1 41. a3 a5 42. Kg3 b5 43. Kf4 b4 44. axb4 axb4 45. h4 Ba2 46. h5 Bc4 47.
Ng6 Bf7 48. Rd7 b3 49. Kf5 Kg8 50. Kxf6 Bc4 51. Rd8+ Kh7 52. Rh8# 1-0

[Event "*** SCC Grand Prix: Titled Tuesday Blitz"]
[Site "Chess.com"]
[Date "2020.09.29"]
[Round "4"]
[White "zmeeed67"]
[Black "Vesper2018"]
[Result "0-1"]
[WhiteElo "2373"]
[BlackElo "2608"]
[TimeControl "180+1"]
[EndTime "10:39:31 PDT"]
[Termination "Vesper2018 won on time"]

1. e4 c5 2. g3 Nc6 3. Bg2 g6 4. Ne2 Bg7 5. O-O e5 6. Nbc3 Nge7 7. a3 d6 8. Rb1 O-O 9. b4 Be6 10. d3 b6 11. f4 Qd7 12. Nd5 Bxd5 13. exd5 Nd4 14.
c4 Rac8 15. b5 Nxe2+ 16. Qxe2 Nf5 17. Bb2 Nd4 18. Bxd4 exd4 19. Rbe1 Rce8 20. Qd2 Re3 21. f5 Bh6 22. Qd1 Rfe8 23. Be4 Qe7 24. Rxe3 dxe3 25. Kg2 Qe5 26. Qe2 Qc3 27. h4 Qd2 28. Re1 Re5 29.
fxg6 hxg6 30. g4 f5 31. Bf3 Bf4 32. h5 fxg4 33. Bxg4 gxh5 34. Bf3 Rg5+ 35. Kh1 h4 36. Rg1 Bg3 37. Rg2 Qxe2 38. Bxe2 Kg7 39. Rg1 Kf6 40. Rf1+ Bf2 41. Rd1 Ke5 42. Ra1 Kd4 43. a4 Kc3 44. Ra2 Rg1+ 45. Kh2 Re1 46. Kg2 Kb3 0-1

[Event "*** SCC Grand Prix: Titled Tuesday Blitz"]
[Site "Chess.com"]
[Date "2020.09.29"]
[Round "4"]
[White "Mbneu"]
[Black "killer311"]
[Result "0-1"]
[WhiteElo "2295"]
[BlackElo "2445"]
[TimeControl "180+1"]
[EndTime "10:39:31 PDT"]
[Termination "killer311 won on time"]

1. d4 d5 2. c4 c6 3. Nc3 Nf6 4. Nf3 e6 5. g3 Nbd7 6. Bg2 dxc4 7. O-O Be7 8. e4 O-O 9. a4 a5 10. Qc2 Nb6 11. Be3 Bd7 12. Rad1 Re8 13. Ng5 h6 14. Nh3 Ng4 15. Bf4 Qc8 16. f3 Nf6 17. Nf2 c5 18.
Be3 cxd4 19. Bxd4 Bc5 20. Bxf6 gxf6 21. Kh1 Kg7 22. Qd2 Bc6 23. Ng4 Rh8 24. Qf4 Be7 25. Ne3 Kh7 26. Bh3 Qb8 27. Qh4 Qg8 28. f4 Nxa4 29. Nf5 exf5 30. Bxf5+ Kg7 31. Nd5 Bxd5 32. Rxd5 Nb6 33. Rb5 Bd8 34. Rd1 Qe8 35. Qg4+ Kf8 36. Bd7 Nxd7 37. Rxd7 Qxe4+ 38. Kg1 Qe3+ 39. Kg2 Bb6 40. Qh5 Rh7 41. Qd5 Qe2+ 42. Kh3 Bf2 43. Qd6+ Kg8 44. Rbxb7 Rf8 45. Rd8 Qf1+ 46. Kh4 Rxd8 0-1

[Event "*** SCC Grand Prix: Titled Tuesday Blitz"]
[Site "Chess.com"]
[Date "2020.09.29"]
[Round "4"]
[White "BilodeauA"]
[Black "Ginger_GM"]
[Result "1-0"]
[WhiteElo "2889"]
[BlackElo "2695"]
[TimeControl "180+1"]
[EndTime "10:39:32 PDT"]
[Termination "BilodeauA won by checkmate"]

1. d4 e6 2. e4 d5 3. Nd2 Nf6 4. e5 Nfd7 5. f4 c5 6. c3 Nc6 7.
Ndf3 Be7 8. Bd3 cxd4 9. cxd4 f5 10. exf6 Nxf6 11. Ne2 Qa5+ 12. Bd2 Qb6 13. Bc3 O-O 14.
O-O Bd7 15. Ng3 Bd6 16. Qd2 e5 17. fxe5 Nxe5 18. Nxe5 Bxe5 19. Nf5 Bxf5 20. Bxf5 Ne4 21. Qd3 Nxc3 22. bxc3 g6 23. Rae1 Bg7 24. Be6+ Kh8 25. Bxd5 Qc7 26. Rxf8+ Rxf8 27. Bf3 b6 28. c4 Qd6 29. d5 Rc8 30. g3 h5 31. Kg2 Qb4 32. Re6 Qxc4 33. Qxg6 Qc2+ 34. Kh3 Qxg6 35. Rxg6 Rc2 36. Rc6 Rxa2 37. Bxh5 Rd2 38. Bf3 b5 39.
Be4 Be5 40. Re6 Bc3 41. Re7 Kg8 42. Rxa7 b4 43. Rb7 Kf8 44. Kg4 Rxh2 45. Kf5 Rd2 46.
g4 Ke8 47. g5 Rf2+ 48. Ke6 Kf8 49. d6 Re2 50. Kf5 Rf2+ 51. Kg6 Rd2 52. Rb8# 1-0

[Event "*** SCC Grand Prix: Titled Tuesday Blitz"]
[Site "Chess.com"]
[Date "2020.09.29"]
[Round "4"]
[White "DariaVoit"]
[Black "Julianos82"]
[Result "1-0"]
[WhiteElo "2468"]
[BlackElo "2312"]
[TimeControl "180+1"]
[EndTime "10:39:33 PDT"]
[Termination "DariaVoit won by resignation"]

1. f4 e5 2. fxe5 Nc6 3. Nf3 g5 4.
d4 g4 5. Ng5 d6 6. exd6 Bxd6 7.
g3 Nxd4 8. Bg2 Bc5 9. c3 Ne6 10.
Qxd8+ Nxd8 11. Bf4 Bb6 12. Na3 Ne6 13. Nxe6 Bxe6 14.
Bxb7 Rd8 15. Bc6+ Kf8 16. Rf1 h5 17. b3 Ne7 18. Be4 Nd5 19. O-O-O Ke7 20. Bg5+ f6 21. Bxd5 fxg5 22. Bxe6 Kxe6 23. Nc4 Bc5 24. e4 h4 25. Rxd8 Rxd8 26. Kc2 h3 27. b4 Bb6 28. Nxb6 axb6 29. Rf5 Ra8 30. Kb3 Kd6 31. Rxg5 Rf8 32. Rxg4 Rf2 33.
Rh4 Rxh2 34. a4 Rh1 35. Kc4 h2 36. Rh5 Kc6 37. Rh6+ Kb7 38. e5 c6 39. Rh7+ Kc8 40. g4 Rg1 41. Rxh2 Rxg4+ 42. Kd3 Rg3+ 43. Kd2 Rg5 44. Re2 Kd7 45. e6+ Ke7 46. Kd3 Rd5+ 47.
Kc4 Rh5 48. Re4 Rg5 49. Kb3 Rf5 50. Re3 Rd5 51. c4 Rg5 52. Kc3 Rf5 53. Kd4 Rh5 54.
c5 bxc5+ 55. bxc5 Rh4+ 56. Re4 Rh1 57. Kc4 Rc1+ 58. Kb4 Rb1+ 59. Ka5 Rb2 60. Ka6 Rb4 61. Rxb4 1-0

[Event "*** SCC Grand Prix: Titled Tuesday Blitz"]
[Site "Chess.com"]
[Date "2020.09.29"]
[Round "4"]
[White "mr_gustavo"]
[Black "Gahan-MG"]
[Result "1/2-1/2"]
[WhiteElo "2344"]
[BlackElo "2584"]
[TimeControl "180+1"]
[EndTime "10:39:36 PDT"]
[Termination "Game drawn by 50-move rule"]

1. d4 Nf6 2. c4 g6 3. Nf3 Bg7 4. g3 O-O 5. Bg2 d5 6. cxd5 Nxd5 7. O-O Nb6 8. Nc3 Nc6 9. e3 e5 10. d5 e4 11. dxc6 Qxd1 12. Rxd1 exf3 13. Bxf3 bxc6 14.
Bxc6 Rb8 15. Bf3 Nc4 16. Nd5 Nxb2 17. Bxb2 Rxb2 18. Rac1 Be6 19. Rxc7 Rxa2 20. Nf4 Bf5 21. g4 Bc8 22. Bd5 Bxg4 23. f3 Ra3 24. fxg4 Rxe3 25. Rf1 Be5 26. Rxf7 Rxf7 27. Bxf7+ Kg7 28. Ne6+ Kh6 29.
Kg2 Re2+ 30. Rf2 Rxf2+ 31. Kxf2 Bxh2 32. Kf3 g5 33. Ke4 Bg1 34. Kf5 a5 35. Nxg5 a4 36.
Ne6 Be3 37. g5+ Bxg5 38. Nxg5 a3 39. Ba2 Kg7 40. Ne4 h5 41. Nd2 h4 42. Kg4 h3 43.
Kxh3 Kf6 44. Nc4 Kf5 45. Nxa3 Ke4 46. Bb3 Kd4 47. Nc2+ Kc3 48. Ba4 Kd3 49. Kg3 Kc3 50. Kf2 Kd3 51. Kf3 Kd2 52. Ne3 Kd3 53. Bb5+ Kd4 54.
Kf4 Kc5 55. Be2 Kd4 56. Nf5+ Kc5 57. Ke5 Kc6 58. Nd4+ Kd7 59. Bb5+ Ke7 60. Nf5+ Kf7 61.
Be2 Kg6 62. Kf4 Kf6 63. Bc4 Kg6 64. Bb3 Kf6 65. Bd1 Ke6 66. Bf3 Kf6 67. Ke4 Ke6 68.
Bg4 Kf6 69. Nd4 Kg5 70. Be2 Kf6 71. Kd5 Kg5 72. Ke5 Kg6 73. Ne6 Kf7 74. Bh5+ Ke7 75. Bf3 Kd7 76. Bd5 Ke7 77. Bc6 Kf7 78. Nf4 Ke7 79.
Ng6+ Kf7 80. Kf5 Kg7 81. Bd5 Kh6 82. Bf3 Kg7 83. Bd5 Kh6 84. Nf4 Kg7 85. Kg5 Kh7 86. Ne6 Kh8 87. Kg6 Kg8 88. Bc4 Kh8 89. Bd3 Kg8 90.
Bf5 Kh8 91. Ng5 Kg8 92. Nh7 Kh8 93. Bg4 Kg8 94. Be6+ Kh8 95. Bf5 1/2-1/2

[Event "*** SCC Grand Prix: Titled Tuesday Blitz"]
[Site "Chess.com"]
[Date "2020.09.29"]
[Round "4"]
[White "Teidi96"]
[Black "pedromartinez91"]
[Result "0-1"]
[WhiteElo "2307"]
[BlackElo "2457"]
[TimeControl "180+1"]
[EndTime "10:39:36 PDT"]
[Termination "pedromartinez91 won on time"]

1. e4 c5 2. Nf3 Nh6 3. d4 cxd4 4. Nxd4 g6 5. Be3 Bg7 6. Nc3 Nc6 7. Bc4 d6 8. h3 Bd7 9. Bb3 Na5 10. Qd2 Ng8 11. O-O Nf6 12. Bh6 O-O 13. Bxg7 Kxg7 14. Rae1 Rc8 15. Nd5 e5 16. Nxf6 Nxb3 17. axb3 Qxf6 18.
Ne2 Bc6 19. Nc3 a6 20. Re2 Rfd8 21. Nd5 Qe6 22. c3 Bxd5 23. exd5 Qe7 24. f4 f6 25. f5 b5 26. Re4 g5 27. Ra1 Ra8 28. h4 h6 29. h5 Qb7 30. g4 Rdc8 31. Re3 Rc5 32. Rd3 a5 33. Qd1 Qb6 34. Kg2 Qb7 35.
Qf3 a4 36. Qe4 axb3 37. Rxa8 Qxa8 38. Qb4 Rxd5 39. Rxd5 Qxd5+ 40. Kg3 Qd3+ 41. Kg2 e4 42. Qxb3 Qf3+ 43. Kh2 Qxg4 44. Qe6 Qxh5+ 45. Kg2 Qf7 46.
Qxd6 Qe8 47. Kf2 h5 48. Ke3 h4 49. Qc7+ Kh6 50. Qd6 Qf7 51. Qh2 Qc4 52. Qd6 Qd3+ 53. Kf2 Qxd6 0-1

[Event "*** SCC Grand Prix: Titled Tuesday Blitz"]
[Site "Chess.com"]
[Date "2020.09.29"]
[Round "4"]
[White "lelya96"]
[Black "Nadeev_Sergey"]
[Result "0-1"]
[WhiteElo "2207"]
[BlackElo "2454"]
[TimeControl "180+1"]
[EndTime "10:39:36 PDT"]
[Termination "Nadeev_Sergey won by resignation"]

1. d4 Nf6 2. Nc3 d5 3. Bf4 Bf5 4. Nb5 Na6 5. e3 e6 6. h3 c6 7. Nc3 Nb4 8. Rc1 Qa5 9. a3 Na2 10. Bc7 Qxc7 11. Nxa2 e5 12. Bd3 e4 13. Be2 h5 14. c4 Qa5+ 15. Qd2 Qxd2+ 16. Kxd2 h4 17. cxd5 Nxd5 18. Bc4 Nb6 19. Bb3 Bd6 20. Ne2 g5 21. f3 exf3 22. gxf3 Bd7 23. e4 f6 24. Nac3 O-O-O 25. Kc2 Rhe8 26. Kb1 Kb8 27. Rcd1 c5 28. Bc2 cxd4 29. Nxd4 Nc4 30. Nd5 Be5 31. Bb3 Nb6 32.
Nxb6 axb6 33. Bd5 Bxd4 34. Rxd4 Be6 35. b4 Bxd5 36. exd5 Kc7 37. f4 Re2 38. fxg5 fxg5 39. Rc1+ Kd6 40. Rc3 Rf8 41. Rd1 Rff2 42. Rb3 Rg2 43.
a4 Rg3 44. Rb2 Rxb2+ 45. Kxb2 Rxh3 46. Rg1 Rg3 47. Rf1 h3 48. Rf6+ Kxd5 49. Rh6 g4 50.
a5 b5 51. a6 bxa6 52. Rh5+ Kc4 53. Rh4 Kxb4 0-1

[Event "*** SCC Grand Prix: Titled Tuesday Blitz"]
[Site "Chess.com"]
[Date "2020.09.29"]
[Round "4"]
[White "OsorioFernando"]
[Black "TheCavemanChesss"]
[Result "0-1"]
[WhiteElo "2290"]
[BlackElo "2440"]
[TimeControl "180+1"]
[EndTime "10:39:37 PDT"]
[Termination "TheCavemanChesss won on time"]

1. e4 c5 2. Nc3 Nc6 3. g3 e6 4.
Bg2 Nge7 5. Nge2 d5 6. exd5 Nxd5 7. Nxd5 exd5 8. d4 cxd4 9. Nxd4 Bc5 10. Qe2+ Qe7 11.
Qxe7+ Bxe7 12. Be3 O-O 13. Bxd5 Nxd4 14. Bxd4 Rd8 15. c4 Be6 16. Bxe6 Rxd4 17. Bd5 Bb4+ 18. Kf1 Rd2 19. Rb1 Bc5 20. Kg2 Rxf2+ 21. Kh3 Re8 22. Rhf1 Rxf1 23. Rxf1 Re7 24. Rf5 b6 25. a3 g6 26. Rf3 a5 27. Rf6 Kg7 28. Rc6 Re2 29.
b4 Bg1 30. Rc7 Rxh2+ 31. Kg4 h5+ 32. Kf3 Rf2+ 33. Ke4 axb4 34. axb4 Kf8 35. Ke5 Re2+ 36. Kd6 f5 37. Kc6 Re3 38. Kxb6 Rxg3+ 39. Kc6 h4 40. b5 h3 41. b6 Rb3 42. b7 Rc3 43. Rh7 Ba7 44.
Kd6 h2 45. Ke6 Re3+ 46. Kf6 Bd4+ 47. Kxg6 Rg3+ 48. Kxf5 Ba7 49. Rxh2 Rb3 50. Rh7 Rb6 51. Ke4 Rf6 0-1

[Event "*** SCC Grand Prix: Titled Tuesday Blitz"]
[Site "Chess.com"]
[Date "2020.09.29"]
[Round "4"]
[White "PetrolulSah"]
[Black "DishonorOnYourCow"]
[Result "0-1"]
[WhiteElo "2186"]
[BlackElo "2392"]
[TimeControl "180+1"]
[EndTime "10:39:37 PDT"]
[Termination "DishonorOnYourCow won by checkmate"]

1. Nf3 d5 2. d4 Nf6 3. g3 g6 4.
Bg2 Bg7 5. O-O O-O 6. c4 dxc4 7. Qc2 Be6 8. Nc3 c6 9. e4 b5 10. h3 Qc8 11. Kh2 Rd8 12. Rd1 Nbd7 13. d5 cxd5 14.
exd5 Bf5 15. Qe2 Bd3 16. Qxe7 Re8 17. Qb4 Bf8 18. Qxb5 Rb8 19. Qa4 Nc5 20. Qxa7 Re7 21. Qa3 Ra8 22. Qb4 Rb7 23. Nb5 Nb3 24. d6 Nxa1 25.
Bg5 Nc2 26. Qc3 Ne4 27. Qe5 Bg7 28. Qd5 Nb4 29. d7 Rxd7 30. Nd6 Rxd6 31. Qb5 Rb8 32. Qa4 Nxg5 33. Nxg5 Qf5 34. Nf3 Bc2 35. Rxd6 Bxa4 36. Rd2 Bf6 37. h4 Qd7 38. Rxd7 Bxd7 39. Nd2 Nd3 40. Nxc4 Nxb2 41. Nd6 Nd3 42. Ne4 Bg7 43. a4 Rb2 44. a5 Bc6 45. Nc5 Nxc5 46. Bxc6 Ra2 47.
a6 Rxa6 48. Bf3 Rb6 49. Kg2 h5 50. Be2 Bd4 51. Bf3 Rb2 52. Be4 Rxf2+ 53. Kh3 Nxe4 54. g4 Rf3+ 55. Kg2 Rg3+ 56. Kh2 Be5 57. Kh1 Nf2+ 58. Kh2 Rxg4# 0-1

[Event "*** SCC Grand Prix: Titled Tuesday Blitz"]
[Site "Chess.com"]
[Date "2020.09.29"]
[Round "4"]
[White "blitzking1729"]
[Black "maxip32"]
[Result "1-0"]
[WhiteElo "2545"]
[BlackElo "2355"]
[TimeControl "180+1"]
[EndTime "10:39:38 PDT"]
[Termination "blitzking1729 won by resignation"]

1. d4 Nf6 2. Bg5 c5 3. Nc3 cxd4 4. Qxd4 Nc6 5. Qh4 e6 6. O-O-O Be7 7. e4 h6 8. f4 O-O 9. Bxf6 Bxf6 10. Qg3 d6 11. e5 Bh4 12. Qh3 d5 13. Nf3 Bf2 14.
Kb1 Qb6 15. Bd3 Nd4 16. Rhf1 Nxf3 17. Qxf3 Bd4 18. Na4 Qa5 19. Bh7+ Kxh7 20. Rxd4 Bd7 21. Qc3 Qa6 22. Qd3+ Qxd3 23. cxd3 Bxa4 24. Rxa4 Rfc8 25.
Rc1 a6 26. Rb4 Rxc1+ 27. Kxc1 Rc8+ 28. Kd2 Rc7 29. g4 Kg6 30. h3 f5 31. Rb6 Kf7 32. gxf5 exf5 33. Rd6 Ke7 34. Rxd5 g5 35. fxg5 hxg5 36.
Rd6 Rc6 37. Rd5 Ke6 38. Ra5 Rb6 39. b3 Rb5 40. Rxb5 axb5 41. d4 Kd5 42. a3 b6 43. Kd3 Ke6 44. Ke3 Kd5 45. a4 bxa4 46. bxa4 Ke6 47. Kd3 Kd5 48. Kc3 Ke6 49. Kc4 f4 50. Kd3 Kd5 51. Ke2 Ke6 52. Kf3 Kd5 53. h4 gxh4 54. Kxf4 h3 55. Kg3 1-0

[Event "*** SCC Grand Prix: Titled Tuesday Blitz"]
[Site "Chess.com"]
[Date "2020.09.29"]
[Round "4"]
[White "Arkady_Gitelson"]
[Black "Bulldog167"]
[Result "0-1"]
[WhiteElo "2572"]
[BlackElo "2805"]
[TimeControl "180+1"]
[EndTime "10:39:41 PDT"]
[Termination "Bulldog167 won on time"]

1. e4 e6 2. d4 d5 3. Nc3 Bb4 4.
exd5 exd5 5. Bd3 Nc6 6. a3 Bxc3+ 7. bxc3 Nge7 8. Qh5 Be6 9. Nf3 Qd7 10. Ng5 O-O-O 11.
O-O g6 12. Qe2 Rde8 13. Nxe6 fxe6 14. a4 Nf5 15. Bb5 h6 16. a5 a6 17. Bd3 e5 18.
dxe5 Nxe5 19. Qd1 Nxd3 20. cxd3 Re6 21. Bd2 Rhe8 22. Re1 Rxe1+ 23. Bxe1 Qe6 24. Bd2 g5 25. h3 Qe2 26. Qc2 Qe6 27. Re1 Qd7 28. Qd1 Nd6 29. Rxe8+ Qxe8 30. Qg4+ Kb8 31. Be3 Qb5 32. Qe6 Qxa5 33.
Qxh6 Qxc3 34. Qxg5 a5 35. Qd8+ Nc8 36. Qxd5 a4 37.
Bd4 Qc1+ 38. Kh2 a3 39. h4 Qf4+ 40. g3 Qd2 41. Kg2 a2 42. Qe5 Qxd3 43. h5 Qh7 44. g4 Nd6 45. Qe2 Qg8 46. Kh3 b6 47. Qe3 Nc4 48.
Qb3 Qd5 49. Qxa2 Qh1+ 50. Kg3 Qd5 0-1

[Event "*** SCC Grand Prix: Titled Tuesday Blitz"]
[Site "Chess.com"]
[Date "2020.09.29"]
[Round "4"]
[White "Shota_Azaladze"]
[Black "Sanan_Sjugirov"]
[Result "0-1"]
[WhiteElo "2655"]
[BlackElo "2851"]
[TimeControl "180+1"]
[EndTime "10:39:42 PDT"]
[Termination "Sanan_Sjugirov won by resignation"]

1. Nf3 d5 2. g3 Bg4 3. Bg2 e6 4. O-O c6 5. d4 Nf6 6. Nbd2 Be7 7.
Re1 O-O 8. c3 a5 9. e4 a4 10. Qc2 Bh5 11. exd5 Nxd5 12. Ne5 Nd7 13. Ndc4 N7f6 14. Bd2 Qc7 15. h3 c5 16. g4 Bg6 17.
Nxg6 hxg6 18. dxc5 Bxc5 19. Bg5 Bxf2+ 20. Qxf2 Qxc4 21.
Bxf6 Nxf6 22. Bxb7 Rab8 23. Bg2 a3 24. bxa3 Qxc3 25.
Qe3 Qa5 26. Re2 Rfc8 27. Rf1 Rc3 28. Qf4 Rf8 29. Qb4 Qa7+ 30. Kh1 Rxa3 31. g5 Nh5 32. Ref2 Ng3+ 33. Kh2 Nxf1+ 34. Rxf1 Qb8+ 35. Qxb8 Rxb8 36. Rf2 Rb5 37. Bf1 Rxg5 38. Bc4 Rc5 39. Bb3 Ra7 40. h4 Kh7 41. Kg3 Rac7 42. Kf4 e5+ 43. Kg4 f6 44. h5 gxh5+ 45. Kxh5 g6+ 46. Kg4 Kg7 47. Kf3 f5 48. Rg2 Kf6 49. Rh2 e4+ 50. Kf4 g5+ 51. Ke3 Ke5 52. Rh8 Rc3+ 53. Kd2 Kf4 54. Rh1 g4 55. Rf1+ Rf3 56. Rh1 g3 57. Rh4+ Ke5 58. Rh8 Rg7 59. Rg8 Rxg8 0-1

[Event "*** SCC Grand Prix: Titled Tuesday Blitz"]
[Site "Chess.com"]
[Date "2020.09.29"]
[Round "4"]
[White "Koksik_13"]
[Black "r31415"]
[Result "1-0"]
[WhiteElo "2659"]
[BlackElo "2458"]
[TimeControl "180+1"]
[EndTime "10:39:42 PDT"]
[Termination "Koksik_13 won on time"]

1. d4 Nf6 2. Nc3 g6 3. e4 d6 4. Bg5 c6 5. f4 b5 6. a3 Bg7 7. Nf3 a6 8. e5 Nd5 9. Nxd5 cxd5 10.
Bd3 Nc6 11. O-O O-O 12. h3 dxe5 13. fxe5 f6 14. exf6 exf6 15. Bf4 Re8 16. Qd2 Qb6 17. c3 Na5 18. Rae1 Bd7 19. h4 Bg4 20. Nh2 Bd7 21.
h5 Nc4 22. Qc2 f5 23. Nf3 a5 24. h6 Bf6 25. Bxc4 bxc4 26. Be5 Be7 27. Rf2 Bf8 28.
Qd2 Ra7 29. Rfe2 Rb7 30. Qg5 Qc6 31. Bg7 Bxg7 32. Rxe8+ Bxe8 33. hxg7 Kxg7 34. Re7+ Rxe7 35. Qxe7+ Kg8 36. Ne5 Qb5 37. Qd8 Kg7 38. a4 Qxa4 39.
Qxd5 Qd1+ 40. Kh2 Qh5+ 41. Kg3 Qg5+ 42. Kf3 Qh5+ 43. Kf2 Qh4+ 44. Ke2 Qh5+ 45. Nf3 Qh1 46. Kf2 Qc1 47. Qe5+ Kf8 48. Qf6+ Kg8 49. Qe7 Bf7 50. Qd8+ Kg7 51. Qb8 Qc2+ 52. Kg3 Qe4 53. Qc7 Qg4+ 54. Kf2 Kg8 55. d5 Qe4 56. d6 Qc2+ 57. Kg3 1-0

[Event "*** SCC Grand Prix: Titled Tuesday Blitz"]
[Site "Chess.com"]
[Date "2020.09.29"]
[Round "4"]
[White "The_Machine04"]
[Black "awesomevishesh"]
[Result "0-1"]
[WhiteElo "2286"]
[BlackElo "2433"]
[TimeControl "180+1"]
[EndTime "10:39:42 PDT"]
[Termination "awesomevishesh won by resignation"]

1. d4 Nf6 2. Bg5 g6 3. Bxf6 exf6 4. g3 d5 5. Bg2 c6 6. e3 Bd6 7. Ne2 h5 8. h4 Nd7 9. b3 f5 10. c4 dxc4 11. bxc4 Nf6 12. Nbc3 O-O 13. O-O Be6 14. Qd3 Qe7 15. Rab1 Rab8 16. a4 Rfd8 17. a5 a6 18. Rb2 Bc7 19. Ra1 Ne8 20. d5 Nf6 21. Rd2 Be5 22.
Rb1 Qc5 23. Qc2 cxd5 24. cxd5 Bd7 25. Qb3 Rdc8 26. Rc1 Qxa5 27. Rdc2 b5 28. Qa2 Qxa2 29. Nxa2 Rxc2 30. Rxc2 b4 31. Rc1 b3 32. Nac3 b2 33. Rb1 Rb3 34. Na2 a5 35. Nd4 Bxd4 36. exd4 a4 37.
Bf1 a3 38. Bc4 Rb8 39. Kf1 Rc8 40. Bb3 Bb5+ 41. Ke1 Bd3 42. Rd1 b1=Q 43. Rxb1 Bxb1 44. Kd2 Bxa2 45. Bxa2 Ne4+ 46. Kd3 Rc3+ 47. Ke2 Rc2+ 48. Ke3 Rxa2 49. Kf4 Rxf2+ 50. Ke5 a2 51. d6 Nxd6 52. Kd5 a1=Q 53. Kxd6 Qxd4+ 0-1

[Event "*** SCC Grand Prix: Titled Tuesday Blitz"]
[Site "Chess.com"]
[Date "2020.09.29"]
[Round "4"]
[White "Loy_Konstantin"]
[Black "giantslayer83"]
[Result "1/2-1/2"]
[WhiteElo "2370"]
[BlackElo "2693"]
[TimeControl "180+1"]
[EndTime "10:39:43 PDT"]
[Termination "Game drawn by repetition"]

1. e4 c6 2. d4 d5 3. exd5 cxd5 4. c4 Nf6 5. Nc3 g6 6. cxd5 Bg7 7. Bc4 O-O 8. Nge2 b6 9. Nf4 Na6 10. O-O Nc7 11. Re1 Bb7 12. Rb1 Qd7 13. h3 Rad8 14.
Qf3 b5 15. Bb3 a5 16. a3 a4 17. Ba2 Ncxd5 18. Ncxd5 Nxd5 19. Nxd5 Bxd5 20. Bxd5 Qxd5 21.
Qxd5 Rxd5 22. Rxe7 Bxd4 23. Be3 Bxe3 24. Rxe3 Rc8 25.
Re2 Rd3 26. Rbe1 Kg7 27. f3 Rb3 28. Rd1 h5 29. Kf2 Rc4 30. Rdd2 h4 31. Re3 f5 32.
Rxb3 axb3 33. Ke3 Kf6 34. Kd3 Ke5 35. Ke3 g5 36. Rd3 f4+ 37. Ke2 Rc2+ 38. Rd2 Rc1 39.
Kd3 Kd5 40. Ke2+ Kc4 41. Kf2 b4 42. axb4 Kxb4 43. Ke2 Kc4 44. Kf2 Rb1 45. Ke2 Rg1 46. Kf2 Rc1 47. Ke2 Ra1 48. Kf2 Ra6 49. Ke2 Re6+ 50.
Kf2 Re5 51. Kf1 Kb4 52. Kf2 Kc5 53. Kf1 Kc4 54. Kf2 Re3 55. Kf1 Rd3 56. Ke2 Rxd2+ 57.
Kxd2 Kd4 58. Ke2 Kc4 59. Kd2 Kd4 60. Ke2 Kc4 61. Kd2 1/2-1/2

[Event "*** SCC Grand Prix: Titled Tuesday Blitz"]
[Site "Chess.com"]
[Date "2020.09.29"]
[Round "4"]
[White "eCztery"]
[Black "zajka-molotok"]
[Result "0-1"]
[WhiteElo "2316"]
[BlackElo "2489"]
[TimeControl "180+1"]
[EndTime "10:39:45 PDT"]
[Termination "zajka-molotok won by checkmate"]

1. e4 d6 2. d4 Nf6 3. Nc3 g6 4.
f4 Bg7 5. Nf3 Nc6 6. Bd3 O-O 7.
e5 dxe5 8. dxe5 Nd5 9. Nxd5 Qxd5 10. Qe2 Nd4 11. Nxd4 Qxd4 12. Be3 Qxb2 13. O-O Qa3 14.
Qf3 c6 15. Rfb1 f6 16. Bd4 Qa4 17. Bc5 fxe5 18. Rb4 Qa5 19. Bxe7 Rxf4 20. Rxf4 exf4 21.
Qxf4 Be6 22. Rf1 Qe5 23. Qd2 Bd5 24. Ba3 Re8 25. h3 b6 26. Qd1 Qe3+ 27. Rf2 Bd4 28. Qf1 Qxf2+ 29. Qxf2 Re1+ 30. Bf1 Bxf2+ 31. Kxf2 Ra1 32.
Ke3 Rxa2 33. Bb4 Rxc2 34. g4 Rb2 35. Bc3 Rb3 36. Kd2 a5 37. Bd3 a4 38. Bc2 Ra3 39.
h4 Ra2 40. Kc1 b5 41. Bb2 b4 42. Kb1 a3 43. Bd4 b3 44. Bd3 Rh2 45. Be4 Rxh4 46. Kc1 Bxe4 47. Kd2 b2 48. Ke3 b1=Q 49. Kf4 Qd3 50.
Kg5 Qxd4 51. Kxh4 Qg1 52. Kg5 Qe3+ 53. Kh4 h6 54. g5 Qxg5+ 55. Kh3 Qg2+ 56. Kh4 g5+ 57.
Kh5 Qh3# 0-1

[Event "*** SCC Grand Prix: Titled Tuesday Blitz"]
[Site "Chess.com"]
[Date "2020.09.29"]
[Round "4"]
[White "GianmarcoVaR"]
[Black "Fischerev7"]
[Result "0-1"]
[WhiteElo "2531"]
[BlackElo "2356"]
[TimeControl "180+1"]
[EndTime "10:39:48 PDT"]
[Termination "Fischerev7 won on time"]

1. d4 Nf6 2. c4 e6 3. g3 Bb4+ 4. Bd2 a5 5. Bg2 O-O 6. Nf3 d5 7. Qc2 b6 8. O-O Ba6 9. Ne5 c5 10. dxc5 Bxc5 11. Nc3 Bd4 12. Bf4 Bxe5 13. Bxe5 Bxc4 14.
Rfd1 Nc6 15. Bf4 Nb4 16. Qd2 h6 17. b3 Ba6 18. Rac1 Rc8 19. a3 Nc6 20. Be3 Qc7 21.
h3 Rfd8 22. Bf4 Qb7 23. g4 Ne7 24. g5 hxg5 25. Bxg5 Ng6 26. Bxf6 gxf6 27. h4 Nxh4 28. Qf4 Ng6 29. Qxf6 Qe7 30. Qf3 Qg5 31. e3 Ne5 32. Qh3 Qg4 33. f4 Qxh3 34. Bxh3 Nd3 35. Rc2 Nc5 36. b4 axb4 37. axb4 Ne4 38. Rdc1 Bd3 39.
Nxe4 Bxc2 40. Ng5 Bg6 41. Ra1 Rc3 42. Nxe6 fxe6 43. Bxe6+ Kg7 44. Ra7+ Kf6 45. Bg4 Rxe3 46. Rb7 Rd6 47. Kf2 Re4 48. b5 Rxf4+ 49. Kg3 Rb4 50.
Bf3 Rb3 51. Kg4 Bh5+ 52. Kh4 Bxf3 53. Rb8 Be4 54. Kg4 Ke5 55. Re8+ Kd4 56. Rg8 Rxb5 57. Kf4 Rf6+ 58. Kg5 Rg6+ 59. Kf4 Rf6+ 60. Kg5 Rf1 61. Ra8 Rb4 0-1